 Dungeon Crawl Stone Soup version 0.31.0-9-g3a7656b989 (webtiles) character file.

Game seed: 17997262045554795709

61 qw the Shooter (level 3, 0/18 HPs)
             Began as a Spriggan Hunter on Feb 2, 2024.
             Slain by a goblin
             ... wielding a +0 club
             ... led by Robin
              (5 damage)
             ... on level 2 of the Dungeon.
             The game lasted 00:00:03 (1106 turns).

qw the Shooter (Spriggan Hunter)                    Turns: 1106, Time: 00:00:04

Health: 0/18       AC:  3    Str:  7    XL:     3   Next: 83%
Magic:  4/4        EV: 19    Int: 10    God:
Gold:   57         SH:  0    Dex: 20    Spells: 2/2 levels left

rFire   . . .        a - +0 shortbow
rCold   . . .        (shield currently unavailable)
rNeg    . . .        c - +0 robe
rPois   .            (helmet restricted)
rElec   .            j - +0 cloak
rCorr   .            (gloves unavailable)
SInv    +            (boots unavailable)
Will    .....        (no amulet)
Stlth   ++           (no ring)
HPRegen 0.23/turn    (no ring)
MPRegen 0.09/turn

%: no passive effects
@: lethally poisoned (0 -> -13), very quick
A: very small, no large weapons, unfitting armour, see invisible, speed 3
a: no special abilities


You were on level 2 of the Dungeon.
You visited 1 branch of the dungeon, and saw 2 of its levels.

You collected 57 gold pieces.


Innate Abilities, Weirdness & Mutations

You are very small and have problems with some larger weapons.
You are too small for most types of armour.
You have supernaturally acute eyesight. (SInv)
You cover ground extremely quickly. (Speed+++)


   Skills:
 - Level 1.5 Fighting
 - Level 5.0 Ranged Weapons
 + Level 4.0 Dodging
 - Level 1.5 Stealth


You had 2 spell levels left.
You didn't know any spells.
Your spell library was empty.

Inventory:

Hand Weapons
 a - a +0 shortbow (weapon)
Armour
 c - a +0 robe (worn)
 j - a +0 cloak (worn)
Scrolls
 b - a scroll of teleportation {unknown}
 d - a scroll of fog {unknown}
Potions
 g - a potion of haste
 k - a potion of enlightenment

Dungeon Overview and Level Annotations

Branches:
Dungeon (2/15)

Altars:


Message History

A goblin comes into view. It is wielding a +2 dagger of venom.
You shoot an arrow. The arrow barely misses the goblin.
The arrow closely misses the goblin.
The goblin closely misses you.
You shoot an arrow. The arrow hits the goblin!
You kill the goblin!
A hobgoblin comes into view.
You shoot an arrow. The arrow closely misses the goblin. x2
You shoot an arrow. The arrow closely misses the goblin.
Robin laughs in a distinctly smug fashion.
The goblin misses you. The goblin completely misses you.
The goblin closely misses you. x2; Robin throws the goblin at you!
The goblin hits you but does no damage.
A goblin comes into view. It is wielding a +0 club.
You shoot an arrow. The arrow closely misses the goblin.
The arrow hits Robin!
Robin is heavily wounded.
The goblin hits you but does no damage. The goblin closely misses you.
The goblin hits you but does no damage.
You shoot an arrow. The arrow closely misses the goblin.
The arrow hits Robin.
Robin is severely wounded.
Robin roars a battlecry!
The goblins go into a battle-frenzy!
The goblin misses you. The goblin hits you with a +0 dagger.
The goblin barely misses you.
You shoot an arrow. The arrow hits the goblin.
You kill the goblin!
The goblin barely misses you. The goblin closely misses you.
You shoot an arrow. The arrow hits Robin!
You kill Robin!
The goblin closely misses you. The goblin hits you with a +0 dagger.
Your Ranged Weapons skill increases to level 5!
You shoot an arrow. The arrow closely misses the goblin.
The goblin barely misses you. The goblin misses you.
The goblin hits you with a +0 club.
You shoot an arrow. The arrow barely misses the goblin.
The goblin hits you with a +2 dagger of venom!
You are lethally poisoned!
The goblin closely misses you. x2; The goblin completely misses you.
The goblin hits you with a +0 club.
You die...

#.# #.# #.# # #.#
#. ##.# %. #?#.#
#. ##. #.########
#)#g#g###.........
#.gg@g...########
##########


You could see a hobgoblin (strong) and 4 goblins.

Vanquished Creatures
  Robin (D:2)
  A ribbon worm (D:2)
  A dart slug (D:1)
  3 ball pythons
  3 endoplasms
  2 giant cockroaches
  6 goblins
  5 hobgoblins
  5 kobolds
  A quokka (D:1)
  3 bats
  2 frilled lizards
  11 rats
44 creatures vanquished.

Notes
Turn   | Place    | Note
-------+----------+-------------------------------------------
     0 | D:1      | qw the Spriggan Hunter began the quest for the Orb.
     0 | D:1      | Reached XP level 1. HP: 10/10 MP: 2/2
     0 | D:1      | 0 ||| qw: Version: 0.3-a-155-g5e7d8dd
     0 | D:1      | 0 ||| qw: Game counter: 441
     0 | D:1      | 0 ||| qw: Melee chars always use a shield: true
     0 | D:1      | 0 ||| qw: God list: Okawaru
     0 | D:1      | 0 ||| qw: Allow faded altars: false
     0 | D:1      | 0 ||| qw: Do Orc after clearing Dungeon:15 true
     0 | D:1      | 0 ||| qw: Do second Lair branch before Depths: true
     0 | D:1      | 0 ||| qw: Lair rune preference: random
     0 | D:1      | 0 ||| qw: Goals: Normal
     0 | D:1      | 0 ||| PLANNING D:1-11
    22 | D:1      | Reached skill level 3 in Dodging
   164 | D:1      | Reached XP level 2. HP: 10/14 MP: 3/3
   496 | D:1      | Reached XP level 3. HP: 18/18 MP: 4/4
   691 | D:1      | 691 ||| UPGRADING to +0 cloak.
   696 | D:1      | 696 ||| DROPPING ring of wizardry.
   697 | D:1      | 697 ||| READING scroll labelled LYGGOU BOUCSUO.
   698 | D:1      | 698 ||| READING 3 scrolls labelled NEMO KANYANU.
   698 | D:1      | 698 ||| IDENTIFYING bubbling black potion
   699 | D:1      | 699 ||| READING 2 scrolls of identify.
   699 | D:1      | 699 ||| IDENTIFYING white potion
   700 | D:1      | 700 ||| READING scroll of identify.
   700 | D:1      | 700 ||| IDENTIFYING coppery potion
   701 | D:1      | 701 ||| READING scroll labelled MYROVVUHOP.
   702 | D:1      | 702 ||| DROPPING scroll of butterflies.
   703 | D:1      | 703 ||| DROPPING potion of degeneration.
   854 | D:2      | Identified the +10 whip of Scorn {elec, *Noise rElec rPois
                  | rF+}
  1095 | D:2      | Noticed Robin
  1104 | D:2      | Killed Robin
  1105 | D:2      | Reached skill level 5 in Ranged Weapons
  1106 | D:2      | Slain by a goblin

Levels and vault maps discovered:
D:1:      minmay_arrival_five_plusses, layout_loops_ring,
          minmay_rat_gold_closets
D:2:      minmay_diamond_boxcup, layout_loops_ring, mrwooster_statue_mirror,
          uniq_robin, uniq_natasha, uniq_crazy_yiuf_cottage

Skill      XL: |  1  2  3 |
---------------+----------+-----
Dodging        | 3 4 |  4.0
Ranged Weapons | 5 |  5.0
Fighting       | |  1.5
Stealth        | |  1.5

Action                     || total
---------------------------++-------
   Fire: Shortbow          ||   100
    Use: Scroll            ||     5
 Armour: Robe              ||    13
  Dodge: Dodged            ||    29

Table legend:
 A = Non-vault XP
 B = Vault XP
 C = Vault XP percentage of total XP
 D = Non-vault monster count
 E = Vault monster count
 F = Vault count percentage of total count
                 A         B        C        D         E       F
            +---------+---------+-------+---------+---------+-------
      Total |      55 |      33 |  37.5 |      30 |      14 |  31.8
            +---------+---------+-------+---------+---------+-------
        D:1 |      36 |       8 |  18.2 |      20 |       8 |  28.6
        D:2 |      19 |      25 |  56.8 |      10 |       6 |  37.5
            +---------+---------+-------+---------+---------+-------
